 Dungeon Crawl Stone Soup version 0.23.2-1-ga50397a6bc (webtiles) character file.

Game seed: 8930403848829018679

130151 Lysie the Severer (level 17, -13/241 HPs)
             Began as a Hill Orc Fighter on May 9, 2019.
             Was a High Priest of Okawaru (penitent).
             Killed from afar by a fire giant (34 damage)
             ... with a bolt of fire
             ... created by the fury of Okawaru
             ... on level 4 of the Shoals on May 10, 2019.
             The game lasted 01:53:02 (31289 turns).

Lysie the Severer (Hill Orc Fighter)               Turns: 31289, Time: 01:53:04

Health: -13/241    AC: 35    Str: 24    XL:     17   Next: 7%
Magic:  17/17      EV:  2    Int: 13    God:    Okawaru [*]
Gold:   1481       SH:  9    Dex: 14    Spells: 9/16 levels left

rFire    . . .     SeeInvis .   R - +11 broad axe "Spiderslayer" {chop, +Inv Dex+4}
rCold    . . .     Gourm    .   Y - +2 buckler {AC+3}
rNeg     + + +     Faith    .   (armour currently unavailable)
rPois    +         Spirit   .   (helmet currently unavailable)
rElec    .         Reflect  .   (cloak currently unavailable)
rCorr    .         Harm     .   (gloves currently unavailable)
MR       +....     NoTele   +   (boots currently unavailable)
Stlth    +.........             h - amulet of rage
HPRegen  0.50/turn              j - +3 ring of strength
MPRegen  0.15/turn              V - +4 ring of protection

@: tree-form (expiring), berserk cooldown, very slightly contaminated, hasted
and slowed, invisible
A: no striking features
a: Renounce Religion, Evoke Berserk Rage


You were on level 4 of the Shoals.
You worshipped Okawaru.
Okawaru was demanding penance.
You were hungry.
You were a tree.
You visited 6 branches of the dungeon, and saw 29 of its levels.
You visited the Abyss 1 time.
You also visited: Sewer and Gauntlet.

You collected 3402 gold pieces.
You spent 1921 gold pieces at shops.

Inventory:

Hand Weapons
 l - the +8 demon whip "Riupru" {drain, +Blink rC+ Str+3}
   (You bought it in a shop on level 14 of the Dungeon)

   A truly terrible weapon, it drains the life of those it strikes.
   It affects your strength (+3).
   It protects you from cold.
   It lets you blink.
 E - the +3 battleaxe "Ebbo" {antimagic, Int+4}
   (Okawaru gifted it to you on level 13 of the Dungeon)

   It reduces the magical energy of the wielder, and disrupts the spells and
   magical abilities of those hit.
   Natural abilities and divine invocations are not affected.
   It affects your intelligence (+4).
 R - the +11 broad axe "Spiderslayer" (weapon) {chop, +Inv Dex+4}
   (You acquired it on level 13 of the Dungeon)

   It inflicts extra damage upon your enemies.
   It affects your dexterity (+4).
   It lets you turn invisible.
Missiles
 P - 2 throwing nets (quivered)
Armour
 m - the +3 crown of Dyrovepreva (melded) {rElec Int+2 SInv}
   (You found it in a Gauntlet)

   It affects your intelligence (+2).
   It insulates you from electricity.
   It lets you see invisible.
 F - a scarf of resistance (melded)
 L - a +4 plate armour of poison resistance (melded)
 M - the +0 pair of boots "Xaneozat" (melded) {rCorr Int+4 Dex-3}
   (You acquired it on level 15 of the Dungeon)

   It affects your intelligence (+4).
   It affects your dexterity (-3).
   It provides partial protection from all sources of acid and corrosion.
 O - a scarf of cloud immunity
 Q - a +0 pair of gloves of strength (melded)
 Y - a +2 buckler of protection (worn)
 Z - the +5 ring mail of Democracy {rN++ Int+5}
   (Okawaru gifted it to you on level 2 of the Orcish Mines)

   It affects your intelligence (+5).
   It greatly protects you from negative energy.
Jewellery
 h - an amulet of rage (around neck)
 j - a +3 ring of strength (left branch)
 y - an uncursed ring of ice
 N - an uncursed ring of flight
 V - a +4 ring of protection (right branch)
Wands
 e - a wand of flame (112)
 k - a wand of disintegration (42)
 o - a wand of acid (7)
 p - a wand of polymorph (11)
 q - a wand of paralysis (41)
 r - a wand of clouds (7)
 D - a wand of iceblast (18)
Scrolls
 c - 5 scrolls of identify
 n - 5 scrolls of enchant weapon
 t - 3 scrolls of fog
 u - 6 scrolls of magic mapping
 v - 4 scrolls of amnesia
 w - 6 scrolls of teleportation
 z - 2 scrolls of enchant armour
 A - 8 scrolls of remove curse
 G - 2 scrolls of holy word
 I - a scroll of vulnerability {unknown}
Potions
 a - a potion of cancellation
 b - a potion of magic
 d - 2 potions of might
 g - 17 potions of curing
 i - 3 potions of haste
 x - 2 potions of berserk rage
 B - 3 potions of resistance
 C - 5 potions of lignification
 K - 3 potions of agility
Miscellaneous
 J - a phantom mirror
Comestibles
 f - 22 rations


   Skills:
 - Level 17.2 Fighting
 - Level 18.7(19.0) Axes
 - Level 5.4(12.0) Maces & Flails
 - Level 15.3 Armour
 - Level 13.0 Shields
 + Level 13.3 Necromancy


You had 9 spell levels left.
You knew the following spells:

 Your Spells              Type           Power        Failure   Level  Hunger
a - Regeneration          Chrm/Necr      ###.......   6%          3    ####...
b - Animate Dead          Necr           N/A          1%          4    #####..

Your spell library contained the following spells:

 Spells                   Type           Power        Failure   Level  Hunger
 Animate Skeleton         Necr           N/A          1%          1    ##.....
 Death Channel            Necr           ####......   21%         6    #######
 Apportation              Tloc           #.....       30%         1    ##.....
 Confusing Touch          Hex            #.....       30%         1    ##.....
 Infusion                 Chrm           #...         30%         1    ##.....
 Magic Dart               Conj           #...         30%         1    ##.....
 Sandblast                Erth           #.....       30%         1    ##.....
 Summon Small Mammal      Summ           #...         30%         1    ##.....
 Blink                    Tloc           N/A          43%         2    ###....
 Call Imp                 Summ           #.......     43%         2    ###....
 Passwall                 Tmut/Erth      #.......     43%         2    ###....
 Shroud of Golubria       Chrm/Tloc      #.........   43%         2    ###....
 Slow                     Hex            #.......     43%         2    ###....
 Song of Slaying          Chrm           #.......     43%         2    ###....
 Borgnjor's Vile Clutch   Necr/Erth      ###.......   50%         5    ######.
 Conjure Flame            Conj/Fire      #.......     67%         3    ####...
 Mephitic Cloud           Conj/Pois/Air  #.......     67%         3    ####...
 Recall                   Summ/Tloc      N/A          67%         3    ####...
 Spectral Weapon          Hex/Chrm       #.......     67%         3    ####...
 Stone Arrow              Conj/Erth      #.....       67%         3    ####...
 Petrify                  Tmut/Erth      #.......     97%         4    #####..
 Simulacrum               Ice/Necr       ###.......   97%         6    #######
 Lee's Rapid Deconstruct  Erth           #.........   100%        5    ######.


Dungeon Overview and Level Annotations

Branches:
Dungeon (15/15)            Temple (1/1) D:5            Lair (6/6) D:9
 Shoals (4/4) Lair:4       Spider (0/4) Lair:3        Slime (0/5) Lair:5
    Orc (2/2) D:9             Elf (1/3) Orc:2        Vaults (0/5) D:14
 Depths (0/5) D:15

Altars:
Ashenzari
Cheibriados
Dithmenos
Elyvilon
Fedhas
Gozag
Hepliaklqana
Kikubaaqudgha
Makhleb
Nemelex Xobeh
Okawaru
Qazlal
Ru
Sif Muna
Trog
Uskayaw
Vehumet
Wu Jian
Xom
Yredelemnul
Zin
The Shining One

Shops:
D:6 [   D:10 [   D:14 *[[!(   Orc:1 *   Orc:2 ?!}[   Shoals:4 ?

Annotations:
Lair:2 Urug
Shoals:4 Polyphemus


Message History

The javelin disappears in a puff of smoke!
The frost giant hits you with a +2 battleaxe of freezing.
* * * LOW HITPOINT WARNING * * *
The frost giant freezes you.
* * * LOW HITPOINT WARNING * * *
The merfolk throws a tomahawk.
The tomahawk hits the merfolk javelineer!!
The merfolk javelineer dies!
The tomahawk disappears in a puff of smoke!
The frost giant casts a spell at you.
The bolt of cold hits you but does no damage.
The merfolk throws a tomahawk.
The tomahawk disappears in a puff of smoke!
You slice the fire giant!!
The fire giant is severely wounded.
You hit the frost giant but do no damage.
You slash the frost giant!
The fire giant gestures at you while chanting.
The bolt of fire hits you!!
You die...

.... ..............PPP.⌠
##%.##..S....P..P.....8.
.....#.........P..PP.?P.
≈≈≈≈..........P..P...P.P
≈≈≈≈............P.PP..PP
#%.....P...P.PP....
#.....P.## #.CC...##
#.♣...P# ≈≈≈≈..$†C...+
≈≈≈≈m......≈#
.....#.m..≈≈#
##..##...≈≈≈≈# ....
..≈≈≈≈≈≈≈≈ ≈≈≈
≈≈≈≈≈≈≈≈≈≈ ≈≈
≈≈≈≈≈≈≈≈≈≈≈


You could see 2 frost giants, a fire giant, a sea snake (wandering) and 2
merfolk.

Vanquished Creatures
  The ghost of Bnni the Carver, a journeyman DsFi of Okawaru (D:15)
  Azrael (D:12)
  A minotaur (Gauntlet)
  A blizzard demon (D:14)
  2 merfolk javelineers
  6 merfolk impalers
  4 ogre magi (Orc:2)
  A yaktaur captain (D:15)
  The ghost of Slothtographer the Basher, a journeyman TeBe of Trog (D:14)
  Fannar (D:12)
  4 vault guards (D:14)
  A merfolk avatar (Shoals:1)
  8 hydras
  15 two-headed ogres
  A merfolk aquamancer (Shoals:2)
  7 centaur warriors
  A death knight (D:12)
  A death scarab (Gauntlet)
  A dancing weapon (Elf:1)
  4 alligator snapping turtles
  3 death yaks (Lair:5)
  Sonja (Orc:1)
  A skeletal warrior (D:12)
  4 sea snakes
  4 unseen horrors
  A wizard (D:14)
  A wolf spider zombie (D:13)
  A spectral hydra (Gauntlet)
  An oklob plant (Lair:4)
  2 orc sorcerers (Orc:1)
  2 fauns (Shoals:2)
  2 ugly things
  5 cyclopes
  7 manticores
  9 deep elf magi
  A water nymph (Shoals:2)
  6 elephants (Lair:4)
  7 black mambas
  Joseph (D:7)
  3 merfolk sirens
  2 gargoyles
  21 spiny frogs
  9 rime drakes
  A kobold demonologist (D:15)
  A yaktaur (D:15)
  4 komodo dragons
  2 demonic crawlers (D:14)
  3 freezing wraiths
  4 ice devils (D:14)
  3 tyrant leeches (Lair:6)
  6 trolls
  17 merfolk
  A hornet (D:11)
  A polar bear (Lair:6)
  Prince Ribbit (D:5)
  A meliai zombie (D:15)
  7 slime creatures
  21 blink frogs
  3 snapping turtles
  A spectral black mamba (Gauntlet)
  5 centaur simulacra (D:14)
  14 hippogriffs
  A shadow (D:13)
  A spriggan (D:7)
  An air elemental (Elf:1)
  4 wyverns
  A wraith (D:11)
  28 yaks
  10 water elementals
  2 basilisks
  3 fire elementals
  A hungry ghost (D:7)
  8 steam dragons (Lair:3)
  23 vampire mosquitoes
  A warg (Orc:1)
  Menkaure (D:5)
  3 acid dragons
  A soldier ant (D:10)
  2 hell hounds (D:12)
  13 porcupines
  13 water moccasins
  A meliai simulacrum (D:14)
  7 ice beasts
  15 orc warriors
  2 eyes of draining
  A necrophage (D:10)
  A sky beast (D:6)
  3 black bears
  3 phantoms
  26 wolves
  18 centaurs
  28 ogres
  A big kobold (D:13)
  12 crocodiles
  Blork the orc (D:5)
  31 bullfrogs
  3 wyvern zombies
  A wyvern skeleton (D:14)
  A hornet simulacrum (D:14)
  3 scorpions
  12 killer bees
  4 electric eels
  8 wights
  2 howler monkeys (D:11)
  11 crimson imps
  4 centaur zombies
  A lava snake (Orc:2)
  A quasit (D:12)
  5 hounds
  16 jellies
  18 orc wizards
  2 bullfrog zombies
  18 orc priests
  Crazy Yiuf (D:2)
  2 bullfrog skeletons
  3 centaur skeletons
  Terence (D:2)
  11 worker ants
  A killer bee zombie (D:10)
  A hound zombie (D:6)
  A hound skeleton (D:11)
  A worker ant zombie (D:11)
  Robin (D:2)
  5 gnolls
  A howler monkey skeleton (D:11)
  18 adders
  8 river rats (D:5)
  4 shadow imps
  3 oozes
  3 adder zombies
  An adder skeleton (D:7)
  4 worms
  2 dart slugs
  7 leopard geckos
  89 orcs
  13 giant cockroaches
  11 goblins
  12 hobgoblins
  An iguana (D:7)
  9 jackals
  14 kobolds
  13 quokkas
  3 ball pythons
  5 bats
  13 frilled lizards
  36 rats
  3 fungi
  2 plants
932 creatures vanquished.

Vanquished Creatures (collateral kills)
  Ilsuiw (Shoals:3)
  A two-headed ogre (D:8)
  2 water nymphs (Shoals:3)
  2 merfolk (Shoals:3)
  A snapping turtle (Shoals:3)
  A jelly (D:8)
  2 plants (Shoals:3)
10 creatures vanquished.

Vanquished Creatures (others)
  A merfolk javelineer (Shoals:4)
  A merfolk aquamancer (Shoals:1)
  A rime drake (Lair:3)
  A sky beast (D:7)
  An orc (Orc:1)
  A bush (Lair:4)
  11 fungi
  38 plants
55 creatures vanquished.

Grand Total: 997 creatures vanquished

Notes
Turn   | Place    | Note
-------+----------+-------------------------------------------
     0 | D:1      | Lysie the Hill Orc Fighter began the quest for the Orb.
     0 | D:1      | Reached XP level 1. HP: 19/19 MP: 1/1
    39 | D:1      | Reached skill level 3 in Axes
   144 | D:1      | Reached XP level 2. HP: 24/26 MP: 2/2
   189 | D:1      | Reached skill level 4 in Axes
   213 | D:1      | Reached XP level 3. HP: 23/31 MP: 3/3
   302 | D:1      | Reached skill level 5 in Axes
   826 | D:2      | Found a runed translucent door.
   827 | D:2      | Noticed Crazy Yiuf
   829 | D:2      | Noticed Robin
   883 | D:2      | Reached XP level 4. HP: 15/39 MP: 4/4
  1294 | D:2      | Found a blossoming altar of Fedhas.
  1294 | D:2      | Found an ancient bone altar of Kikubaaqudgha.
  1469 | D:2      | Noticed a moth of wrath
  1472 | D:2      | Found a bloodstained altar of Trog.
  1479 | D:2      | Reached skill level 6 in Axes
  1525 | D:2      | Noticed Terence
  1537 | D:2      | Killed Terence
  1654 | D:2      | Reached XP level 5. HP: 45/45 MP: 5/5
  1902 | D:2      | Killed Crazy Yiuf
  1902 | D:2      | Reached skill level 7 in Axes
  1906 | D:2      | Killed Robin
  1999 | D:3      | Reached skill level 8 in Axes
  1999 | D:3      | Reached XP level 6. HP: 36/51 MP: 6/6
  2678 | D:4      | Found a glowing golden altar of the Shining One.
  2720 | D:4      | Reached XP level 7. HP: 60/60 MP: 7/7
  2817 | D:5      | Entered Level 5 of the Dungeon
  2825 | D:5      | Noticed Prince Ribbit
  3119 | D:5      | Found a staircase to the Ecumenical Temple.
  3126 | Temple   | Entered the Ecumenical Temple
  3190 | Temple   | Became a worshipper of Warmaster Okawaru
  3291 | D:5      | Reached skill level 5 in Fighting
  3407 | D:5      | Reached skill level 5 in Armour
  3439 | D:5      | Noticed Menkaure
  3442 | D:5      | Killed Menkaure
  3493 | D:5      | Reached * piety under Okawaru
  3512 | D:5      | Reached XP level 8. HP: 53/70 MP: 8/8
  3731 | D:5      | Killed Prince Ribbit
  3731 | D:5      | Reached ** piety under Okawaru
  3774 | D:5      | Noticed Blork the orc
  3792 | D:5      | Killed Blork the orc
  4004 | D:6      | Reached XP level 9. HP: 52/82 MP: 6/9
  4068 | D:6      | Found Qiosyu's Antique Armour Shoppe.
  4071 | D:6      | Bought a bloodstained cloak for 285 gold pieces
  4081 | D:6      | Identified the -5 cloak of the Moneychanger {*Slow Int+3
                  | Dex+5 Stlth+} (You bought it in a shop on level 6 of the
                  | Dungeon)
  4129 | D:6      | Found a glowing drain.
  4139 | Sewer    | Entered a sewer
  4433 | Sewer    | Reached *** piety under Okawaru
  4978 | D:6      | Reached skill level 10 in Fighting
  5665 | D:7      | Found a shimmering altar of Xom.
  5719 | D:7      | Reached **** piety under Okawaru
  5719 | D:7      | Reached skill level 10 in Armour
  5754 | D:7      | Reached XP level 10. HP: 94/94 MP: 10/10
  5848 | D:7      | Noticed Joseph
  5860 | D:7      | Killed Joseph
  5860 | D:7      | Reached skill level 5 in Shields
  6203 | D:8      | Found a shadowy altar of Dithmenos.
  6363 | D:8      | Noticed a two-headed ogre
  6370 | D:8      | Killed a two-headed ogre
  6370 | D:8      | Reached ***** piety under Okawaru
  6439 | D:8      | Found a burning altar of Makhleb.
  7020 | D:9      | Found a sparkling altar of Nemelex Xobeh.
  7072 | D:9      | Found a staircase to the Lair.
  7273 | D:9      | Found a bloodstained altar of Trog.
  7277 | D:9      | Found a radiant altar of Vehumet.
  7280 | D:9      | Found a shattered altar of Ashenzari.
  7652 | D:9      | Found a deep blue altar of Sif Muna.
  8046 | D:9      | Received a gift from Okawaru
  8046 | D:9      | Reached skill level 10 in Shields
  8374 | D:9      | Reached XP level 11. HP: 88/101 MP: 8/11
  8384 | D:9      | Found a staircase to the Orcish Mines.
  8582 | D:10     | Entered Level 10 of the Dungeon
  8827 | D:10     | Found Omusseuw's Armour Emporium.
  9146 | D:11     | Noticed a six-headed hydra
  9294 | Lair:1   | Entered Level 1 of the Lair of Beasts
 10054 | Lair:1   | Reached skill level 9 in Axes
 10466 | Lair:2   | Received a gift from Okawaru
 10486 | Lair:2   | Found a gate leading to a gauntlet.
 10494 | Gauntlet | Entered a Gauntlet
 10494 | Gauntlet | Found a transporter.
 10503 | Gauntlet | Found a transporter.
 10505 | Gauntlet | Found a transporter.
 10506 | Gauntlet | Found the +7 Spriggan's Knife {stab, EV+4 Stlth+}
 10509 | Gauntlet | Found a transporter.
 10513 | Gauntlet | Found a transporter.
 10514 | Gauntlet | Found a transporter.
 10514 | Gauntlet | Noticed a death scarab
 10515 | Gauntlet | Found the +3 crown of Dyrovepreva {rElec Int+2 SInv}
 10515 | Gauntlet | Noticed a death scarab
 10521 | Gauntlet | Found a transporter.
 10521 | Gauntlet | Noticed a wretched star
 10523 | Gauntlet | Found a transporter.
 10536 | Gauntlet | Noticed a glowing orange brain
 10539 | Gauntlet | Found a transporter.
 10539 | Gauntlet | Noticed a purple ugly thing
 10545 | Gauntlet | Found a transporter.
 10547 | Gauntlet | Found a transporter.
 10551 | Gauntlet | Noticed a hell beast
 10558 | Gauntlet | Found a transporter.
 10588 | Gauntlet | Noticed a glowing orange brain
 11066 | Gauntlet | Reached skill level 10 in Axes
 11077 | Gauntlet | Killed a death scarab
 11094 | Gauntlet | Reached skill level 11 in Axes
 11094 | Gauntlet | Reached XP level 12. HP: 68/108 MP: 5/12
 11364 | Gauntlet | Noticed a minotaur
 11394 | Gauntlet | Killed a minotaur
 11661 | Lair:2   | Reached skill level 12 in Axes
 11921 | Lair:2   | Noticed Urug
 12569 | Lair:2   | Reached skill level 13 in Axes
 12930 | Lair:3   | Found a hole to the Spider Nest.
 13145 | Lair:3   | Reached skill level 14 in Axes
 13289 | Lair:3   | Received a gift from Okawaru
 13294 | Lair:3   | Got a bone hand axe {god gift}
 13295 | Lair:3   | Identified the +6 hand axe "Aclas" {freeze, rC+} (Okawaru
                  | gifted it to you on level 3 of the Lair of Beasts)
 13476 | Lair:3   | Reached skill level 15 in Axes
 13816 | Lair:4   | Noticed an eight-headed hydra
 14124 | Lair:4   | Noticed a seven-headed hydra
 14144 | Lair:4   | Killed a nine-headed hydra
 14187 | Lair:4   | Reached XP level 13. HP: 45/123 MP: 13/13
 14434 | Lair:4   | Reached skill level 15 in Fighting
 14871 | Lair:4   | Found a staircase to the Shoals.
 15070 | Lair:4   | Received a gift from Okawaru
 15942 | Lair:5   | Found a staircase to the Slime Pits.
 16370 | Shoals:1 | Entered Level 1 of the Shoals
 17303 | Lair:6   | Entered Level 6 of the Lair of Beasts
 17742 | Lair:6   | Received a gift from Okawaru
 17745 | Lair:6   | Got a dazzling helmet {god gift}
 17747 | Lair:6   | Identified the -4 helmet of Card Tricks {Int+6} (Okawaru
                  | gifted it to you on level 6 of the Lair of Beasts)
 17800 | Lair:6   | Reached XP level 14. HP: 79/140 MP: 14/14
 19758 | Orc:1    | Entered Level 1 of the Orcish Mines
 19883 | Orc:1    | Noticed Sonja
 20032 | Orc:1    | Found Zentuec's General Store.
 20067 | Orc:1    | Received a gift from Okawaru
 20076 | Orc:1    | Reached skill level 15 in Armour
 20296 | Orc:2    | Entered Level 2 of the Orcish Mines
 20383 | Orc:2    | Found Soorgh's Armour Shoppe.
 20407 | Orc:2    | Found Ryt Baaff's Distillery.
 20407 | Orc:2    | Found Haotuahe's Magic Scroll Emporium.
 20407 | Orc:2    | Found Vehusuuc's Gadget Shop.
 20665 | Orc:2    | Reached skill level 16 in Axes
 20900 | Orc:2    | Found a burning altar of Makhleb.
 21059 | Orc:2    | Reached XP level 15. HP: 110/147 MP: 12/15
 21113 | Orc:2    | Found a staircase to the Elven Halls.
 21198 | Orc:2    | Reached skill level 17 in Axes
 21274 | Orc:2    | Found a radiant altar of Vehumet.
 21354 | Orc:2    | Received a gift from Okawaru
 21357 | Orc:2    | Got a faintly humming ring mail {god gift}
 21358 | Orc:2    | Identified the +5 ring mail of Democracy {rN++ Int+5}
                  | (Okawaru gifted it to you on level 2 of the Orcish Mines)
 21740 | Orc:1    | Cast into level 1 of the Abyss (Sonja)
 21744 | Abyss:2  | Found a corrupted altar of Lugonu.
 21762 | Orc:1    | Escaped the Abyss
 21810 | Orc:1    | Killed Sonja
 21908 | Elf:1    | Entered Level 1 of the Elven Halls
 22487 | D:11     | Reached skill level 18 in Axes
 23166 | D:12     | Learned a level 3 spell: Regeneration
 23246 | D:12     | Reached skill level 1 in Necromancy
 23315 | D:12     | Noticed Fannar
 23345 | D:12     | Killed Fannar
 23914 | D:12     | Noticed Azrael
 23932 | D:12     | Killed Azrael
 24937 | D:13     | Reached skill level 5 in Necromancy
 25043 | D:13     | Received a gift from Okawaru
 25046 | D:13     | Got a dazzling battleaxe {god gift}
 25047 | D:13     | Identified the +3 battleaxe "Ebbo" {antimagic, Int+4}
                  | (Okawaru gifted it to you on level 13 of the Dungeon)
 25049 | D:13     | Identified a scroll of acquirement
 25052 | D:13     | Got a translucent broad axe
 25053 | D:13     | Identified the +11 broad axe "Spiderslayer" {chop, +Inv
                  | Dex+4} (You acquired it on level 13 of the Dungeon)
 25971 | D:14     | Found Ete Ruwn's Distillery.
 25980 | D:14     | Found Nedosh's Armour Shop.
 26017 | D:14     | Found a runed translucent gate.
 26018 | D:14     | Found a runed translucent gate.
 26019 | D:14     | Found a runed translucent gate.
 26061 | D:14     | Found Zufurgh's Antique Weapon Shoppe.
 26074 | D:14     | Bought a fine demon whip for 720 gold pieces
 26074 | D:14     | Identified the +8 demon whip "Riupru" {drain, +Blink rC+
                  | Str+3} (You bought it in a shop on level 14 of the Dungeon)
 26107 | D:14     | Found a gate to the Vaults.
 26167 | D:14     | Reached ****** piety under Okawaru
 26213 | D:14     | Found Dyci's Assorted Antiques.
 26277 | D:14     | Received a gift from Okawaru
 26277 | D:14     | Reached XP level 16. HP: 134/155 MP: 14/16
 26441 | D:14     | Found Fuxkeoge's Armour Emporium.
 26572 | D:14     | Noticed Slothtographer's ghost (journeyman TeBe)
 26709 | D:14     | Bought a potion of might for 52 gold pieces
 26709 | D:14     | Bought a potion of resistance for 130 gold pieces
 26709 | D:14     | Bought a potion of haste for 130 gold pieces
 26709 | D:14     | Bought a potion of invisibility for 104 gold pieces
 26709 | D:14     | Bought a potion of agility for 52 gold pieces
 26831 | D:14     | Bought a scroll labeled GAV VEIZUJI for 28 gold pieces
 26831 | D:14     | Bought a papyrus book for 420 gold pieces
 26886 | D:14     | Killed Slothtographer's ghost
 27297 | D:15     | Entered Level 15 of the Dungeon
 27375 | D:15     | Reached skill level 10 in Necromancy
 27385 | D:15     | Got a pair of faintly humming boots
 27386 | D:15     | Identified the +0 pair of boots "Xaneozat" {rCorr Int+4
                  | Dex-3} (You acquired it on level 15 of the Dungeon)
 28062 | D:15     | Found a runed translucent door.
 28062 | D:15     | Noticed Bnni's ghost (journeyman DsFi)
 28085 | D:15     | Killed Bnni's ghost
 28162 | D:15     | Found a staircase to the Depths.
 28235 | D:15     | Found a blossoming altar of Fedhas.
 28674 | Shoals:1 | Received a gift from Okawaru
 28911 | Shoals:1 | Reached skill level 5 in Maces & Flails
 31011 | Shoals:3 | Reached XP level 17. HP: 85/161 MP: 15/17
 31025 | Shoals:3 | Learned a level 4 spell: Animate Dead
 31170 | Shoals:3 | Received a gift from Okawaru
 31175 | Shoals:3 | Noticed Ilsuiw
 31202 | Shoals:3 | Killed Ilsuiw
 31208 | Shoals:3 | Was placed under penance by Okawaru
 31210 | Shoals:3 | HP: 8/161 [merfolk javelineer/steel javelin (17)]
 31220 | Shoals:4 | Entered Level 4 of the Shoals
 31220 | Shoals:4 | Found Ziapniv's Magic Scroll Boutique.
 31220 | Shoals:4 | Noticed Polyphemus
 31289 | Shoals:4 | Killed from afar by a fire giant

Skill      XL: |  1  2  3  4  5  6  7  8  9 10 11 12 13 14 15 16 17 |
---------------+----------------------------------------------------+-----
Axes           | 3 4 5 6 8 11 15 16 18 | 18.7
Fighting       | 4 6 8 10 13 17 | 17.2
Armour         | 4 6 8 10 12 15 | 15.3
Shields        | 10 13 | 13.0
Necromancy     | 8 12 13 | 13.3
Maces & Flails | 5 |  5.4

Action                   |  1- 3 |  4- 6 |  7- 9 | 10-12 | 13-15 | 16-18 || total
-------------------------+-------+-------+-------+-------+-------+-------++-------
Melee: War axe           |   124 |     4 |       |       |       |       ||   128
       Short sword       |       |    26 |       |       |       |       ||    26
       Hand axe          |       |   142 |   384 |   765 |  1242 |       ||  2533
       Broad axe         |       |       |       |    20 |   141 |   199 ||   360
       Demon whip        |       |       |       |       |    92 |   411 ||   503
       Unarmed           |       |       |       |       |       |     9 ||     9
Throw: Throwing net      |       |       |       |       |       |     1 ||     1
 Cast: Animate Dead      |       |       |       |       |       |     6 ||     6
Invok: Heroism           |       |       |     3 |    17 |    30 |     8 ||    58
       Finesse           |       |       |       |     1 |       |     1 ||     2
 Abil: Evoke Berserk Rag |       |       |       |       |     1 |     1 ||     2
Evoke: Wand              |       |       |       |     1 |       |       ||     1
  Use: Scroll            |       |     4 |     5 |    10 |    18 |     7 ||    44
       Potion            |       |       |     2 |     8 |     5 |    10 ||    25
 Stab: Distracted        |       |       |       |       |     1 |       ||     1
       Invisible         |       |       |       |       |       |     3 ||     3
  Eat: Ration            |       |     1 |     3 |     8 |    11 |     5 ||    28
       Chunk             |       |     3 |       |     3 |     2 |       ||     8
Armor: Scale mail        |    30 |    45 |   138 |   164 |       |       ||   377
       Chain mail        |    31 |     9 |       |       |       |       ||    40
       Plate armour      |       |       |       |   142 |   501 |   396 ||  1039
       Skin              |       |       |       |       |       |     8 ||     8
Dodge: Dodged            |    41 |    28 |    86 |   202 |   234 |   194 ||   785
Block: Shield            |    53 |    57 |   118 |   413 |   642 |       ||  1283
       Buckler           |       |       |       |       |    45 |   248 ||   293
